Map: Dusk Towers

Players

ILLBdA - Winner!

  • Race: Protoss Protoss
  • League: Diamond

IIIIIIIIIIII

  • Race: Protoss Protoss
  • League: Diamond

VOD

Have the link to the VOD?

Description

Time

  • Played on: Dec. 24, 2015, 10:22 p.m.
  • Length: 5:03
Show
View Real Time Build Order
Export as new Build Order

ILLBdA Protoss - Winner!

Build Orders: Dark Templar Rush 

Get SALT Encoding   

  12  0:01  Probe (Chrono Boost)  
  13  0:11  Probe (Chrono Boost)  
  14  0:19  Pylon  
  14  0:22  Probe (Chrono Boost)  
  15  0:37  Gateway, Probe (Chrono Boost)  
  16  0:48  Probe (Chrono Boost)  
  17  0:50  Assimilator  
  17  0:55  Assimilator  
  17  0:58  Probe (Chrono Boost)  
  18  1:09  Probe (Chrono Boost)  
  19  1:11  Gateway  
  19  1:19  Probe (Chrono Boost)  
  20  1:29  Cybernetics Core  
  20  1:30  Probe (Chrono Boost)  
  21  1:35  Pylon  
  21  1:40  Probe (Chrono Boost)  
  22  1:51  Probe (Chrono Boost)  
  23  2:01  Probe (Chrono Boost)  
  23  2:04  Stalker  
  23  2:06  Warp Gate  
  26  2:10  Twilight Council  
  26  2:12  Probe (Chrono Boost)  
  27  2:19  Pylon  
  27  2:40  Probe (Chrono Boost)  
  28  2:47  Dark Shrine  
  28  2:54  Nexus  
  28  3:00  Mothership Core (Chrono Boost)  
  30  3:09  Gateway  
  30  3:25  Pylon  
  30  3:31  Robotics Facility  
  30  3:32  Probe (Chrono Boost)  
  31  3:42  Probe (Chrono Boost)  
  31  3:54  Probe (Chrono Boost)  
  30  4:04  Probe (Chrono Boost)  
  30  4:09  Dark Templar x2  
  35  4:15  Probe (Chrono Boost)  
  35  4:19  Probe (Chrono Boost)  
  35  4:21  Stalker  
  38  4:25  Probe, Warp Prism (Chrono Boost)  
  38  4:28  Probe  
Show
View Real Time Build Order
Export as new Build Order

IIIIIIIIIIII Protoss 

Build Orders: Oracle Opening 

Get SALT Encoding   

  12  0:02  Probe (Chrono Boost)  
  13  0:16  Pylon  
  13  0:20  Probe (Chrono Boost)  
  14  0:31  Probe (Chrono Boost)  
  15  0:36  Gateway  
  15  0:41  Probe (Chrono Boost)  
  16  0:43  Assimilator  
  16  0:51  Assimilator  
  16  0:52  Probe (Chrono Boost)  
  17  1:03  Gateway  
  17  1:10  Probe (Chrono Boost)  
  18  1:26  Cybernetics Core  
  18  1:28  Probe (Chrono Boost)  
  19  1:45  Pylon  
  19  1:47  Probe (Chrono Boost)  
  20  2:04  Adept (Chrono Boost)  
  20  2:05  Adept (Chrono Boost)  
  20  2:07  Pylon  
  24  2:08  Probe  
  24  2:10  Warp Gate  
  25  2:21  Mothership Core (Chrono Boost)  
  27  2:30  Stargate  
  27  2:41  Probe (Chrono Boost)  
  28  2:52  Probe (Chrono Boost)  
  29  3:16  Oracle (Chrono Boost)  
  32  3:25  Gateway  
  32  3:31  Robotics Facility  
  32  3:55  Probe  
  29  4:00  Pylon  
  29  4:06  Gateway  
  29  4:24  Immortal (Chrono Boost)  
  29  4:28  Zealot x2  
  37  4:31  Stalker  
Tags
 
Matchup
PvP
Replay Pack
me
Add a new tag
Caveats
  • Supply blocks, unpowered buildings, or Contaminate may cause inaccurate times.
  • Supply counts are checked every 10 seconds.